 Dungeon Crawl Stone Soup version 0.13.0-3-g966e3ec (webtiles) character file.

199 fufumann the Cudgeler (level 4, -1/28 HPs)
             Began as a Gargoyle Berserker on Oct 13, 2013.
             Was a Believer of Trog.
             Slain by a gnoll
             ... wielding a +0,+0 spear
              (3 damage)
             ... on Level 2 of the Dungeon.
             The game lasted 00:11:19 (1203 turns).

fufumann the Cudgeler (Gargoyle Berserker)          Turns: 1203, Time: 00:11:19

HP  -1/28        AC 11     Str 22      XL: 4   Next: 10%
MP   3/3         EV 10     Int  7      God: Trog [**....]
Gold 136         SH  0     Dex  9      Spells:  0 memorised,  3 levels left

Res.Fire  : . . .   See Invis. : .   a - +0 mace
Res.Cold  : . . .   Warding    : .   j - +2 dwarf ring mail
Life Prot.: + . .   Conserve   : .   (no shield)
Res.Poison: +       Res.Corr.  : .   (no helmet)
Res.Elec. : +       Clarity    : .   (no cloak)
Sust.Abil.: . .     Spirit.Shd : .   (no gloves)
Res.Mut.  : .       Stasis     : .   (no boots)
Res.Rott. : +       Flight     : .   (no amulet)
Saprovore : . . .                    (no ring)
                                     (no ring)

@: slightly resistant to hostile enchantments, extremely unstealthy
A: fangs 1, talons 2, life protection 1, electricity resistance, slow metabolism
1, unbreathing, petrification resistance, AC +3
a: Burn Spellbooks, Berserk, Trog's Hand, Renounce Religion


You were on level 2 of the Dungeon.
You worshipped Trog.
Trog was pleased with you.
You were not hungry.

You visited 1 branch of the dungeon, and saw 2 of its levels.

You collected 116 gold pieces.

Inventory:

Hand weapons
 a - a +0,+0 mace (weapon)
 f - a +0,+1 orcish dagger (quivered)
 l - a +0,+0 dagger
Armour
 b - a +0 animal skin
 j - a +2 dwarven ring mail (worn)
Comestibles
 c - 2 bread rations
 i - a pear
 k - an orange
Scrolls
 d - 2 scrolls of remove curse {unknown}
 g - a scroll of random uselessness {unknown}
 h - 2 scrolls of amnesia {unknown}
 m - a scroll of curse jewellery {unknown}
Jewellery
 n - an uncursed ring of flight {unknown}
 o - an uncursed ring of ice {unknown}
Potions
 e - 2 potions of heal wounds {unknown}


   Skills:
 + Level 3.9 Fighting
 + Level 4.2 Maces & Flails
 + Level 2.4 Armour
 + Level 2.2 Dodging


You had 3 spell levels left.
You didn't know any spells.

Dungeon Overview and Level Annotations

Branches:
Dungeon (2/27)

Altars:


Innate Abilities, Weirdness & Mutations

You are resistant to torment.
You are immune to poison.
Your stone body is very resilient (AC +3).
You have very sharp teeth.
You have razor-sharp toenails.
You resist negative energy.
You are resistant to electric shocks.
You have a slow metabolism.
You can survive without breathing.
You are immune to petrification.


Message History

The gnoll hits you but does no damage. Terence hits you but does no damage.
You thump Terence!
You kill Terence!
Trog accepts your kill.
You have reached level 4!
You feel stronger. The gnoll misses you. The gnoll completely misses you.
The gnoll closely misses you.
The gnoll picks up a hand axe.
You closely miss the gnoll. Your bite misses the gnoll.
The gnoll closely misses you.
You hit the gnoll.
The gnoll is moderately wounded.
The gnoll closely misses you.
You barely miss the gnoll. Your bite misses the gnoll.
The gnoll is moderately wounded.
The gnoll closely misses you. The gnoll barely misses you.
You sock the gnoll! Your kick misses the gnoll.
The gnoll is severely wounded.
The gnoll hits you with a spear.
You die...

######### #.......#
#.......# ..
#.......# ....
#.(.....# ...
######.......# ...
#.....)......# ..
#.####.@g....# .. #>#
####)##### .# #.#
#...(g.# .#
###.###...(..# .#
#....##(.....#
.#######....##......#
............###.#..##
.#######...## #.#..#
.# #...# #.#..#


You could see 2 gnolls.

Vanquished Creatures
  Terence (D:2)
  A gnoll (D:2)
  A giant mite (D:1)
  3 giant geckos (D:1)
  2 bats (D:1)
  5 hobgoblins
  3 jackals (D:2)
  A kobold (D:1)
  2 ball pythons (D:1)
  2 giant newts (D:1)
  5 goblins (D:1)
  6 rats (D:1)
  A bush (D:1)
  A plant (D:1)
34 creatures vanquished.

Notes
Turn   | Place    | Note
--------------------------------------------------------------
     0 | D:1      | fufumann, the Gargoyle Berserker, began the quest for the Orb.
     0 | D:1      | Reached XP level 1. HP: 14/14 MP: 0/0
    97 | D:1      | Reached XP level 2. HP: 16/19 MP: 1/1
   290 | D:1      | Acquired Trog's second power
   645 | D:1      | Reached XP level 3. HP: 21/24 MP: 2/2
  1166 | D:2      | Noticed Terence
  1184 | D:2      | Reached skill level 4 in Maces & Flails
  1197 | D:2      | Killed Terence
  1197 | D:2      | Reached XP level 4. HP: 2/28 MP: 3/3
  1203 | D:2      | Slain by a gnoll

Action                   |  1- 3 |  4- 6 || total
-------------------------+-------+-------++-------
Melee: Mace              |   216 |     4 ||   220
